 Dungeon Crawl Stone Soup version 0.29.1-15-g9cfb28693d (webtiles) character file.

Game seed: 352092153667688917

309 cowcol the Chopper (level 6, 0/79 HPs)
             Began as a Minotaur Fighter on Feb 22, 2023.
             Was a Follower of Okawaru.
             Slain by Duvessa
             ... wielding a +0 short sword
              (2 damage)
             ... on level 4 of the Dungeon.
             The game lasted 00:08:09 (3459 turns).

cowcol the Chopper (Minotaur Fighter)               Turns: 3459, Time: 00:08:09

Health: 0/79       AC: 23    Str: 21    XL:     6   Next: 17%
Magic:  5/5        EV:  2    Int:  5    God:    Okawaru [*.....]
Gold:   138        SH:  4    Dex: 11    Spells: 5/5 levels left

rFire   . . .      SeeInvis .   a - +0 war axe
rCold   . . .      Faith    .   c - +0 buckler
rNeg    + . .      Spirit   .   (body armour currently unavailable)
rPois   +          Reflect  .   (helmet currently unavailable)
rElec   .          Harm     .   (cloak currently unavailable)
rCorr   .          Rampage  .   (gloves currently unavailable)
Will    .....      NoTele   +   (boots currently unavailable)
Stlth   +.........              (no amulet)
HPRegen 0.23/turn               v - ring of positive energy
MPRegen 0.09/turn               (no ring)

@: mighty, tree-form
A: stationary, stasis, torment immunity, boosted hp, (horns 2), (retaliatory
headbutt)
a: Renounce Religion, Heroism


You were on level 4 of the Dungeon.
You worshipped Okawaru.
Okawaru was aware of your devotion.
You were a tree.
You visited 1 branch of the dungeon, and saw 4 of its levels.

You collected 138 gold pieces.

Inventory:

Hand Weapons
 a - a +0 war axe (weapon)
Missiles
 n - 5 poisoned darts (quivered)
Armour
 b - a +0 scale mail (melded)
 c - a +0 buckler (worn)
 p - a +1 pair of gloves (melded)
Jewellery
 v - a ring of positive energy (left branch)
 y - a ring of positive energy
Wands
 w - a wand of polymorph (8)
Scrolls
 e - 3 scrolls of enchant armour
 h - 3 scrolls of teleportation
 i - 2 scrolls of immolation {unknown}
 l - 2 scrolls of fear {unknown}
 q - a scroll of enchant weapon {unknown}
 r - 2 scrolls of acquirement {unknown}
 s - a scroll of silence {unknown}
 t - a scroll of noise {unknown}
 u - a scroll of blinking {unknown}
 x - a scroll of magic mapping {unknown}
 B - a scroll of butterflies {unknown}
Potions
 f - a potion of curing
 j - a potion of invisibility {unknown}
 k - a potion of degeneration {unknown}
 o - a potion of magic {unknown}
 z - a potion of cancellation {unknown}
 A - a potion of berserk rage {unknown}


   Skills:
 + Level 4.7 Fighting
 * Level 6.3 Axes
 + Level 5.0 Armour
 - Level 3.8 Shields


You had 5 spell levels left.
You didn't know any spells.
Your spell library contained the following spells:

 Spells                   Type           Power      Damage    Failure   Level
 Apportation              Tloc           0%         N/A       56%         1
 Alistair's Intoxication  Tmut/Pois      0%         N/A       100%        5
 Fireball                 Conj/Fire      0%         3d3       100%        5
 Starburst                Conj/Fire      0%         6d3       100%        6
 Ignition                 Fire           0%         3d3       100%        8


Dungeon Overview and Level Annotations

Branches:
Dungeon (4/15)
 Temple: D:4-7

Altars:
Okawaru
Yredelemnul

Annotations:
D:4 Duvessa


Innate Abilities, Weirdness & Mutations

You are a tree.
Your roots penetrate the ground, keeping you stationary.
You cannot be teleported.
You are immune to unholy pain and torment.
Your maximum health is greatly increased.
Your equipment is partially melded.
((You have a pair of horns on your head.))
((You reflexively headbutt those who attack you in melee.))


Message History

Duvessa is moderately wounded.
Duvessa hits you with a +0 short sword!
* * * LOW HITPOINT WARNING * * *
Duvessa barely misses you.
You feel better. Duvessa hits you with a +0 short sword.
* * * LOW HITPOINT WARNING * * *
Duvessa hits you with a +0 short sword.
* * * LOW HITPOINT WARNING * * *
Really quaff the potion of lignification? [Y]es or [N]o only, please.
Really quaff the potion of lignification? [Y]es or [N]o only, please.
Really quaff the potion of lignification? [Y]es or [N]o only, please.
Really quaff the potion of lignification? [Y]es or [N]o only, please.
Really quaff the potion of lignification?
You turn into a tree.
Your +1 pair of gloves melds into your body.
Your +0 scale mail melds into your body.
Your roots penetrate the ground.
Duvessa hits you but does no damage.
You slash Duvessa!
Duvessa is heavily wounded.
Duvessa hits you but does no damage. You block Duvessa's attack.
You barely miss Duvessa.
Duvessa is heavily wounded.
Duvessa hits you with a +0 short sword.
* * * LOW HITPOINT WARNING * * *
Duvessa hits you but does no damage.
You completely miss Duvessa.
Duvessa is heavily wounded.
Duvessa hits you with a +0 short sword!
* * * LOW HITPOINT WARNING * * *
You slash Duvessa!
Duvessa is heavily wounded.
Duvessa hits you but does no damage. x2
You slice Duvessa!!
Duvessa is almost dead.
Duvessa hits you but does no damage. Duvessa hits you with a +0 short sword.
You die...

≈≈≈~≈~≈≈≈≈ ~~~≈~~~~~
~.~.~~~.~ ........
...... . ...## ...
#..#
.....#♣e#########.#
....<....[.........#
##..##....##########
.........## #......#
...#....# ...#..###
...... ....


You could see Duvessa (berserk).

Vanquished Creatures
  A bullfrog (D:3)
  Dowan (D:4)
  A howler monkey (D:3)
  An iguana (D:3)
  5 adders
  2 dart slugs
  2 orcs (D:3)
  12 endoplasms
  2 giant cockroaches
  11 goblins
  8 hobgoblins
  4 jackals (D:3)
  5 kobolds
  2 quokkas
  7 ball pythons
  10 bats
  2 frilled lizards (D:2)
  6 rats
82 creatures vanquished.

Vanquished Creatures (others)
  A fungus (D:3)
  5 plants (D:3)
6 creatures vanquished.

Grand Total: 88 creatures vanquished

Notes
Turn   | Place    | Note
-------+----------+-------------------------------------------
     0 | D:1      | cowcol the Minotaur Fighter began the quest for the Orb.
     0 | D:1      | Reached XP level 1. HP: 19/19 MP: 0/0
    33 | D:1      | Reached XP level 2. HP: 27/27 MP: 1/1
   437 | D:1      | Reached skill level 3 in Axes
   486 | D:1      | Reached XP level 3. HP: 33/33 MP: 2/2
  1295 | D:2      | Found an iron altar of Okawaru.
  1305 | D:2      | Became a worshipper of Warmaster Okawaru
  1504 | D:2      | Reached XP level 4. HP: 32/41 MP: 3/3
  1970 | D:2      | Reached skill level 4 in Axes
  2252 | D:3      | Reached skill level 5 in Axes
  2252 | D:3      | Reached XP level 5. HP: 40/47 MP: 4/4
  2447 | D:3      | Found a basalt altar of Yredelemnul.
  2698 | D:3      | Found a faded altar of an unknown god.
  2874 | D:4      | Noticed Dowan
  2889 | D:3      | Reached * piety under Okawaru
  2890 | D:3      | Reached skill level 6 in Axes
  3004 | D:4      | Killed Dowan
  3005 | D:4      | Reached skill level 5 in Armour
  3005 | D:4      | Reached XP level 6. HP: 29/53 MP: 5/5
  3010 | D:4      | Noticed Duvessa
  3447 | D:4      | HP: 2/53 [Duvessa/+0 short sword (10)]
  3457 | D:4      | HP: 2/79 [Duvessa/+0 short sword (7)]
  3459 | D:4      | Slain by Duvessa

Illustrated notes

Levels and vault maps discovered:
D:1:      scummos_arrival_simple_fountains, layout_basic,
          kennysheep_pointless_box, nicolae_eternal_life, chequers_mini_garden,
          eino_curves_04, minmay_surrounded
D:2:      minmay_razor_zed, layout_basic, basic_altar
D:3:      layout_rooms, lemuel_doored_altar,
          dreamdust_ecumenical_altar_hidden_monk_grotto, minmay_crystal_water,
          solitary_fountain
D:4:      minmay_goblin_kobold_castle, layout_cave_pools, uniq_grinder,
          uniq_pargi, uniq_duvessa

Skill      XL: |  1  2  3  4  5 |
---------------+----------------+-----
Fighting       | 4 |  4.7
Armour         | 4 5 |  5.0
Axes           | 3 5 6 |  6.3
Shields        | |  3.8

Action                   |  1- 3 |  4- 6 || total
-------------------------+-------+-------++-------
Melee: War axe           |    86 |    96 ||   182
       Headbutt          |    19 |    12 ||    31
Throw: Dart              |       |     2 ||     2
  Use: Scroll            |     1 |     1 ||     2
       Potion            |       |     7 ||     7
Armor: Scale mail        |    46 |    47 ||    93
       Skin              |       |     6 ||     6
Dodge: Dodged            |    42 |    46 ||    88
Block: Buckler           |    21 |    22 ||    43
